 Dungeon Crawl Stone Soup version 0.28-a0-664-gc179e30c89 (webtiles) character file.

Game seed: 4358038093962180554

200 flotson the Sneak (level 5, -5/63 HPs)
             Began as a Demonspawn Delver on Oct 15, 2021.
             Killed by divine providence
             ... invoked by an orc priest
              (12 damage)
             ... on level 4 of the Dungeon.
             The game lasted 00:04:54 (3286 turns).

flotson the Sneak (Demonspawn Delver)               Turns: 3286, Time: 00:04:55

Health: -5/63      AC: 22    Str: 23    XL:     5   Next: 48%
Magic:  5/5        EV:  2    Int: 11    God:
Gold:   97         SH:  5    Dex: 15    Spells: 4/4 levels left

rFire   + . .      SeeInvis .   x - +2 halberd of Disharmony {freeze, *Slow Str+10}
rCold   + . .      Faith    .   (shield currently unavailable)
rNeg    + . .      Spirit   .   (armour currently unavailable)
rPois   +          Reflect  +   (helmet currently unavailable)
rElec   +          Harm     .   (cloak currently unavailable)
rCorr   +          Rampage  .   (gloves currently unavailable)
Will    .....      NoTele   +   (boots currently unavailable)
Stlth   +++.......              h - amulet of reflection
HPRegen 0.20/turn               w - ring of positive energy
MPRegen 0.09/turn               (no ring)

@: mighty, tree-form, resistant, hasted, very quick
A: stationary, stasis, torment immunity, boosted hp, powered by death 1,
condensation shield, (demonic touch 2)
a: no special abilities


You were on level 4 of the Dungeon.
You were a tree.
You visited 1 branch of the dungeon, and saw 5 of its levels.

You collected 97 gold pieces.

Inventory:

Hand Weapons
 a - a +0 hand axe
 b - a +0 short sword of electrocution
 j - a +0 quarterstaff
 x - the +2 halberd of Disharmony (weapon) {freeze, *Slow Str+10}
   (You found it on level 3 of the Dungeon)

   It freezes those it strikes, dealing additional cold damage.
   It can also slow down cold-blooded creatures.
   Str:       It affects your strength (+10).
   *Slow:     It may slow you when you take damage.
Missiles
 p - 4 poisoned darts (quivered)
Armour
 m - a +0 ring mail (melded)
 v - a +0 helmet (melded)
Jewellery
 h - an amulet of reflection (around neck)
 w - a ring of positive energy (left branch)
Wands
 g - a wand of digging (3)
 y - a wand of acid (8)
Scrolls
 c - 2 scrolls of fog
 d - a scroll of magic mapping
 e - a scroll of fear
 i - a scroll of blinking {unknown}
 k - a scroll of brand weapon {unknown}
 l - a scroll of teleportation {unknown}
 n - 3 scrolls of identify {unknown}
 o - a scroll of torment {unknown}
 q - 2 scrolls of immolation {unknown}
 t - a scroll of acquirement {unknown}
 u - a scroll of amnesia {unknown}


   Skills:
 + Level 4.1 Fighting
 + Level 1.9 Axes
 + Level 1.4 Throwing
 + Level 2.3 Armour
 + Level 3.1 Dodging
 - Level 4.5 Stealth
 + Level 0.2 Evocations


You had 4 spell levels left.
You didn't know any spells.
Your spell library was empty.

Dungeon Overview and Level Annotations

Branches:
Dungeon (5/15)
 Temple: D:4-7

Altars:
Makhleb


Innate Abilities, Weirdness & Mutations

You are a tree.
Your roots penetrate the ground, keeping you stationary.
You cannot be teleported.
You are immune to unholy pain and torment.
Your maximum health is greatly increased.
Your equipment is partially melded.
You regenerate a little health from kills.
A meltable shield of frost defends you. (SH +0)
((Your touch may inflict irresistible damage on your foes.))


Message History

You feel less confused. The orc wizard casts a spell at you.
The magic dart hits you but does no damage.
The orc priest mumbles some strange prayers to Beogh against you.
Beogh smites you!
* * * LOW HITPOINT WARNING * * *
The orc wizard casts a spell at you.
You are confused.
You feel yourself speed up.
It was a potion of might.
You feel very mighty all of a sudden.
It was a potion of resistance.
You feel protected.
It was a potion of lignification.
You turn into a tree.
Your +0 helmet melds into your body.
Your +0 ring mail melds into your body.
Your roots penetrate the ground.
The iguana bites you.
* * * LOW HITPOINT WARNING * * *
You cannot move. (Use ctrl+direction or * direction to attack without moving.)
You cannot move. (Use ctrl+direction or * direction to attack without moving.)
You puncture the iguana!
The iguana seems to slow down.
You freeze the iguana.
The iguana is heavily wounded.
The iguana bites you.
* * * LOW HITPOINT WARNING * * *
You swing at nothing.
You feel less confused.
The orc wizard hits you but does no damage.
You slice the iguana!!
The iguana seems to slow down.
You freeze the iguana.
You kill the iguana!
You block the orc wizard's attack.
The orc priest miscasts a cantrip.
You puncture the orc priest! You freeze the orc priest.
The orc priest is severely wounded.
The orc wizard hits you but does no damage.
You block the orc priest's attack.
You closely miss the orc priest.
The orc priest is severely wounded.
The orc wizard hits you but does no damage.
The orc priest calls down the wrath of Beogh upon you.
Beogh smites you!
You die...

.............# ............##
.............# ...##........#
.............# ....#.....<.###
.....#.......# ..........o..#####
.##...#.♣†..#...# #### ...#
#....#..o......##...# ###..#
##.........(........# . ###....#
#...................##..
.##....####...........#.......#..
.>....................#..........
.....................#.##.#......
................#....#....#......
................##...#)##........


You could see an orc priest and an orc wizard.

Vanquished Creatures
  A phantom (D:3)
  An iguana (D:4)
  A hound skeleton (D:4)
  An adder (D:2)
  An adder skeleton (D:4)
  3 dart slugs (D:3)
  6 orcs
  5 ball pythons
  8 endoplasms
  4 giant cockroaches
  5 hobgoblins
  5 quokkas
  2 bats (D:1)
  4 frilled lizards
  6 goblins
  8 kobolds
  3 rats
64 creatures vanquished.

Vanquished Creatures (others)
  12 plants (D:4)
12 creatures vanquished.

Grand Total: 76 creatures vanquished

Notes
Turn   | Place    | Note
-------+----------+-------------------------------------------
     0 | D:5      | flotson the Demonspawn Delver began the quest for the Orb.
     0 | D:5      | Reached XP level 1. HP: 18/18 MP: 1/1
    17 | D:5      | Noticed a hound
    40 | D:4      | Gained mutation: You regenerate a little health from kills.
                  | [demonic ancestry]
    40 | D:4      | Reached XP level 2. HP: 17/24 MP: 2/2
   306 | D:2      | Reached skill level 1 in Armour
   684 | D:1      | Gained mutation: A meltable shield of frost defends you.
                  | (SH +0) [demonic ancestry]
   684 | D:1      | Reached XP level 3. HP: 29/29 MP: 3/3
  1835 | D:1      | Upgraded the game from 0.28-a0-662-g1651b1f1e0 to
                  | 0.28-a0-664-gc179e30c89
  1899 | D:2      | Found a burning altar of Makhleb.
  2409 | D:3      | Found a faded altar of an unknown god.
  2549 | D:3      | Gained mutation: Your touch may inflict minor irresistible
                  | damage on your foes. [demonic ancestry]
  2549 | D:3      | Reached XP level 4. HP: 32/37 MP: 4/4
  2672 | D:3      | Noticed a phantom
  2686 | D:3      | Killed a phantom
  2687 | D:3      | Reached skill level 1 in Throwing
  2687 | D:3      | Gained mutation: Your touch may inflict irresistible damage
                  | on your foes. [demonic ancestry]
  2687 | D:3      | Reached XP level 5. HP: 35/42 MP: 5/5
  2777 | D:3      | Identified the +2 halberd of Disharmony {freeze, *Slow
                  | Str+10}
  3286 | D:4      | Killed from afar by an orc priest

Illustrated notes

Levels and vault maps discovered:
D:1:      minmay_arrival_open_corners, layout_loops_corners
D:2:      layout_loops_ring, basic_altar
D:3:      layout_loops_corners, hellmonk_ecumenical_altar_arch_garden,
          minmay_checkerbox
D:4:      layout_cave_pools, minmay_temple_entry_water_ring, wad_woods_river_04,
          amethyst_killhole
D:5:      layout_rooms, minitemple, general_overflow_altar,
          small_statue_intersection, hangedman_decor_growths,
          amcnicky_mini_pool_small

Skill      XL: |  1  2  3  4  5 |
---------------+----------------+-----
Dodging        | 2 3 |  3.1
Armour         | 1 2 |  2.3
Throwing       | 1 |  1.4
Fighting       | 4 |  4.1
Axes           | |  1.9
Stealth        | |  4.5
Evocations     | |  0.2

Action                   |  1- 3 |  4- 6 || total
-------------------------+-------+-------++-------
Melee: Hand axe          |     7 |       ||     7
       Quarterstaff      |    42 |       ||    42
       Short sword       |    83 |    12 ||    95
       Halberd           |       |    34 ||    34
  Use: Potion            |       |     4 ||     4
 Stab: Sleeping          |     8 |     2 ||    10
       Distracted        |     1 |       ||     1
Armor: Leather armour    |     6 |       ||     6
       Ring mail         |    11 |     1 ||    12
       Skin              |       |     3 ||     3
Dodge: Dodged            |    53 |    10 ||    63
Block: Other             |    44 |     9 ||    53

Table legend: (Time is in decaauts)
 A = Elapsed time spent in this place.
 B = Non-inter-level travel time spent in this place.
 C = Inter-level travel time spent in this place.
 D = Time resting spent in this place.
 E = Time spent auto-exploring this place.
 F = Levels seen in this place.
 G = Mean time per level.
                   A        B        C        D        E       F      G
               +--------+--------+--------+--------+--------+-----+--------+
         Total |   3321 |   3218 |    103 |      0 |   2650 |   5 |  664.2 |
       Dungeon |   3321 |   3218 |    103 |      0 |   2650 |   5 |  664.2 |
               +--------+--------+--------+--------+--------+-----+--------+

Top non-repeatable levels by time:
     D:1: 1220 daAuts
     D:2: 992 daAuts
     D:3: 891 daAuts
     D:4: 186 daAuts
     D:5: 31 daAuts
